 Dungeon Crawl Stone Soup version 0.31-a0-846-gb3bcc0d938 (webtiles) character file.

Game seed: 6339634339779707307

105 Dirtsage the Chopper (level 4, -9/39 HPs)
             Began as a Hill Orc Fighter on Oct 3, 2023.
             Killed by divine providence
             ... invoked by an orc priest
              (15 damage)
             ... on level 3 of the Dungeon.
             The game lasted 00:02:00 (1574 turns).

Dirtsage the Chopper (Hill Orc Fighter)             Turns: 1574, Time: 00:02:01

Health: -9/39      AC:  9    Str: 26    XL:     4   Next: 83%
Magic:  4/4        EV:  9    Int:  8    God:
Gold:   96         SH:  4    Dex: 10    Spells: 3/3 levels left

rFire   . . .        a - +0 war axe
rCold   . . .        c - +0 buckler
rNeg    . . .        b - +0 scale mail
rPois   .            (no helmet)
rElec   .            (no cloak)
rCorr   .            l - +1 pair of gloves
SInv    .            (no boots)
Will    .....        (no amulet) Stlth
                     h - +6 ring of strength
HPRegen 0.26/turn    (no ring)
MPRegen 0.09/turn

%: no passive effects
@: no status effects
A: no striking features
a: Convert to Beogh


You were on level 3 of the Dungeon.
You visited 1 branch of the dungeon, and saw 3 of its levels.

You collected 96 gold pieces.

Inventory:

Hand Weapons
 a - a +0 war axe (weapon)
Armour
 b - a +0 scale mail (worn)
 c - a +0 buckler (worn)
 l - a +1 pair of gloves (worn)
Jewellery
 h - a +6 ring of strength (left hand)
Wands
 j - a wand of polymorph (3)
Scrolls
 e - a scroll of enchant armour {unknown}
 f - a scroll of teleportation {unknown}
Potions
 d - 2 potions of might
 g - a potion of magic {unknown}
 i - 2 potions of enlightenment {unknown}
 k - a potion of brilliance {unknown}
 m - a potion of heal wounds {unknown}


   Skills:
 - Level 3.6 Fighting
 + Level 6.4 Axes
 - Level 3.2 Armour
 - Level 3.2 Shields


You had 3 spell levels left.
You didn't know any spells.
Your spell library contained the following spells:

 Spells                   Type           Power      Damage    Failure   Level
 Magic Dart               Conj           0%         1d3       75%         1
 Searing Ray              Conj           0%         2d4       87%         2
 Fulminant Prism          Conj/Hex       0%         3d5       100%        4


Dungeon Overview and Level Annotations

Branches:
Dungeon (3/15)

Altars:

Annotations:
D:3 Robin


Message History

You closely miss the hobgoblin. You closely miss the goblin.
The goblin closely misses you.
The hobgoblin hits you but does no damage.
You barely miss the hobgoblin. You hit the goblin.
You kill the goblin!
The hobgoblin hits you.
You take 4 damage, and have 24/39 hp.
You slash the hobgoblin!
You kill the hobgoblin!
You closely miss the orc. You block the orc's attack.
You closely miss the orc. You slash the orc!
You kill the orc!
The orc closely misses you.
Robin says, "Duck!"
Robin barely misses you.
An orc wizard comes into view. It is wielding a +0 dagger.
The orc hits you with a +0 short sword.
The orc priest invokes the aid of Beogh against you.
Beogh smites you!
* * * LOW HITPOINT WARNING * * *
The orc wizard shouts!
You take 17 damage, and have 7/39 hp.
MASSIVE DAMAGE!!
You slash the orc!
You kill the orc!
You hit Robin but do no damage.
You hear a shout!
Robin hits you but does no damage.
You slash the orc priest!
The orc priest is severely wounded.
You hit Robin. Robin hits you with a +3 mace.
* * * LOW HITPOINT WARNING * * *
The orc priest calls down the wrath of Beogh upon you.
You barely resist.
You take 2 damage, and have 6/39 hp.
You hit the orc priest.
The orc priest is almost dead.
You hit Robin.
The orc priest invokes the aid of Beogh against you.
Beogh smites you!
You die... ##.. ##... .# .... ...#... ....... #.....## #olog#

#@# . #)# ...
#.#######
.....#.#.....#
#.....<.....#
#....##.#.....#
##.. #.#.....#
... #.......#
.# ##......#


You could see Robin, an orc priest, an orc wizard and a frilled lizard.

Vanquished Creatures
  3 gnolls (D:2)
  An adder (D:3)
  2 orcs (D:3)
  5 ball pythons
  2 bats (D:1)
  7 endoplasms
  2 giant cockroaches
  15 goblins
  9 hobgoblins
  2 quokkas
  4 frilled lizards (D:1)
  5 kobolds
57 creatures vanquished.

Notes
Turn   | Place    | Note
-------+----------+-------------------------------------------
     0 | D:1      | Dirtsage the Hill Orc Fighter began the quest for the Orb.
     0 | D:1      | Reached XP level 1. HP: 19/19 MP: 1/1
    19 | D:1      | Reached skill level 3 in Axes
   161 | D:1      | Reached XP level 2. HP: 26/26 MP: 2/2
   164 | D:1      | Reached skill level 4 in Axes
   479 | D:1      | Reached XP level 3. HP: 29/31 MP: 3/3
   954 | D:2      | Reached skill level 5 in Axes
  1272 | D:2      | Reached XP level 4. HP: 29/39 MP: 4/4
  1546 | D:3      | Noticed Robin
  1554 | D:3      | Reached skill level 6 in Axes
  1574 | D:3      | Killed from afar by an orc priest

Illustrated notes

Levels and vault maps discovered:
D:1:      tarquinn_simple_flora_water_f, layout_basic
D:2:      layout_loops_ring
D:3:      kennysheep_slugbush, layout_rooms, uniq_robin

Skill      XL: |  1  2  3  4 |
---------------+-------------+-----
Axes           | 3 4 5 6 |  6.4
Fighting       | |  3.6
Armour         | |  3.2
Shields        | |  3.2

Action                     |  1- 3 |  4- 6 || total
---------------------------+-------+-------++-------
  Melee: War axe           |    89 |    37 ||   126
 Armour: Scale mail        |    65 |    44 ||   109
  Dodge: Dodged            |    43 |    30 ||    73
  Block: Buckler           |    21 |     9 ||    30

Table legend: (Time is in decaauts)
 A = Elapsed time spent in this place.
 B = Non-inter-level travel time spent in this place.
 C = Inter-level travel time spent in this place.
 D = Time resting spent in this place.
 E = Time spent auto-exploring this place.
 F = Levels seen in this place.
 G = Mean time per level.
                   A        B        C        D        E       F      G
               +--------+--------+--------+--------+--------+-----+--------+
         Total |   1608 |   1501 |    107 |      0 |   1234 |   3 |  536.0 |
       Dungeon |   1608 |   1501 |    107 |      0 |   1234 |   3 |  536.0 |
               +--------+--------+--------+--------+--------+-----+--------+

Top non-repeatable levels by time:
     D:1: 844 daAuts
     D:2: 725 daAuts
     D:3: 39 daAuts
